 Dungeon Crawl Stone Soup version 0.30.1-11-g7821555f0a (webtiles) character file.

Game seed: 10245053065506740932

24978 nukutore the Fencer (level 12, -14/117 HPs)
             Began as a Minotaur Berserker on Dec 4, 2023.
             Was a Priest of Trog.
             Demolished by a red ugly thing (18 damage)
             ... on level 14 of the Dungeon on Dec 5, 2023.
             The game lasted 01:51:23 (14930 turns).

nukutore the Fencer (Minotaur Berserker)           Turns: 14930, Time: 01:51:24

Health: -14/117    AC: 21    Str: 27    XL:     12   Next: 85%
Magic:  11/11      EV: 10    Int:  4    God:    Trog [***...]
Gold:   128        SH:  0    Dex:  6    Spells: 11/11 levels left

rFire   . . .        K - +1 double sword "Huoheisu" {spect, rN+ rCorr Dex-4}
rCold   + . .        (no shield)
rNeg    + . .        c - +2 scale mail
rPois   .            (helmet restricted)
rElec   .            f - +0 cloak
rCorr   +            m - +0 pair of gloves
SInv    .            F - +1 pair of boots
Will    .....        h - amulet of faith Stlth
                     z - ring of protection from cold
HPRegen 0.39/turn    y - +4 ring of protection
MPRegen 0.12/turn

%: faith
@: on berserk cooldown, slowed, very slow
A: horns 2, retaliatory headbutt
a: Renounce Religion, Berserk, Trog's Hand


You were on level 14 of the Dungeon.
You worshipped Trog.
Trog was most pleased with you.
You visited 3 branches of the dungeon, and saw 17 of its levels.
You also visited: Ice Cave.

You collected 1092 gold pieces.
You spent 964 gold pieces at shops.

Inventory:

Hand Weapons
 a - the +6 shillelagh "Devastator" {shatter}
   (You found it on level 10 of the Dungeon)
 g - a +3 dagger
 A - a +4 great sword
 B - a +0 giant club
 E - a +1 dire flail
 K - the +1 double sword "Huoheisu" (weapon) {spect, rN+ rCorr Dex-4}
   (You bought it in a shop on level 12 of the Dungeon)

   Dex:       It affects your dexterity (-4).
   rN:        It protects you from negative energy.
   rCorr:     It protects you from acid and corrosion.
Armour
 c - a +2 scale mail (worn)
 f - a +0 cloak (worn)
 m - a +0 pair of gloves (worn)
 x - a +0 pair of boots
 F - a +1 pair of boots (worn)
Magical Staves
 l - a staff of poison
 t - a staff of poison
Jewellery
 h - an amulet of faith (around neck)
 p - an amulet of the acrobat
 y - a +4 ring of protection (right hand)
 z - a ring of protection from cold (left hand)
 L - a ring of ice
Wands
 i - a wand of digging (1)
 D - a wand of flame (22)
 H - a wand of charming (22)
Scrolls
 d - a scroll of silence (quivered)
 n - a scroll of immolation
 u - a scroll of poison
 C - 2 scrolls of magic mapping
 N - a scroll of noise
Potions
 e - 3 potions of brilliance {unknown}
 j - 3 potions of attraction
 q - a potion of invisibility {unknown}
 r - 2 potions of magic
 s - 2 potions of mutation
 v - a potion of degeneration {unknown}
 w - 2 potions of lignification
 G - a potion of flight {unknown}
 I - 3 potions of heal wounds
 M - a potion of might {unknown}
Miscellaneous
 k - a phantom mirror
 O - a piece from Xom's chessboard (15/15)


   Skills:
 + Level 14.0 Fighting
 * Level 17.6 Long Blades
 + Level 13.9 Armour
 - Level 2.1 Dodging


You had 11 spell levels left.
You didn't know any spells.
Your spell library contained the following spells:

 Spells                   Type           Power      Damage    Failure   Level
 Freeze                   Ice            0%         1d3       71%         1
 Magic Dart               Conj           0%         1d3       71%         1
 Searing Ray              Conj           0%         2d4       83%         2
 Frozen Ramparts          Ice            0%         1d1       97%         3
 Hailstorm                Conj/Ice       0%         3d3       97%         3
 Ozocubu's Armour         Ice            0%         N/A       97%         3
 Animate Armour           Summ/Erth      0%         N/A       100%        4
 Fulminant Prism          Conj/Hex       0%         3d5       100%        4
 Passage of Golubria      Tloc           0%         N/A       100%        4
 Blade Hands              Tmut           0%         N/A       100%        5
 Silence                  Hex/Air        0%         N/A       100%        5
 Iron Shot                Conj/Erth      0%         9d1       100%        6
 Ozocubu's Refrigeration  Ice            0%         4d7       100%        7
 Lehudib's Crystal Spear  Conj/Erth      0%         10d2      100%        8


Dungeon Overview and Level Annotations

Branches:
Dungeon (14/15)            Temple (0/1) D:6            Lair (1/5) D:8
    Orc (2/2) D:10          IceCv (visited)
    Elf: Orc:2       Vaults: D:13-14

Altars:
Ashenzari
Fedhas
Hepliaklqana
Ru
Vehumet
Wu Jian
Xom

Shops:
D:4 [   D:12 (   Orc:1 *   Orc:2 (


Innate Abilities, Weirdness & Mutations

You have a pair of horns on your head.
You reflexively headbutt those who attack you in melee.


Message History

You feel a strong urge to attack something.
You are no longer berserk.
You are exhausted.
You feel yourself slow down.
You feel the effects of Trog's Hand fading.
As you read the scroll of teleportation, it crumbles to dust.
You feel strangely unstable.
The two-headed ogre hits you with a +0 giant spiked club!!
The two-headed ogre barely misses you.
The two-headed ogre attacks as you move away!
The two-headed ogre hits you with a +0 giant spiked club!
* * * LOW HITPOINT WARNING * * *
The two-headed ogre hits you but does no damage.
Your skin stops crawling.
You feel less strong-willed.
Your surroundings suddenly seem different. 2 slime creatures and 5 red ugly things come into view.
Found a spear and 33 gold pieces.
The slime creature quivers. x2
The red ugly thing gurgles horribly! x3
The slime creature moves out of view.
A slime creature comes into view.
Press: ? - help, v - describe, . - travel
Here: a red ugly thing The floor.
You feel better.
The slime creature quivers.
The red ugly thing tentacle-slaps you but does no damage.
The red ugly thing basks in the mutagenic energy from its kin and changes!
The red ugly thing barely misses you. You furiously retaliate!
You headbutt the red ugly thing! The red ugly thing closely misses you.
The red ugly thing attacks as you move away!
The red ugly thing trunk-slaps you!
* * * LOW HITPOINT WARNING * * *
You are engulfed in flames!!
* * * LOW HITPOINT WARNING * * *
A slime creature comes into view.
The red ugly thing claws you.
* * * LOW HITPOINT WARNING * * *
You are engulfed in flames!!
You die...

##.#.....
#........ .
###..$.... ≈.##
#.......# ...#
......#
#..##....#
#...#...##
#...#u.u##
#..@uu..#
.............#
..#.)........u..
#.........J...
#.............
.........^.JJ$.
#...............
##.........J...


You could see 5 ugly things and 4 slime creatures.

Vanquished Creatures
  Snorg (D:11)
  2 centaur warriors
  A catoblepas (D:10)
  3 two-headed ogres
  2 boulder beetles
  The ghost of TangoThomas the Chopper, a novice DsGl of Ashenzari (D:7)
  The ghost of Hawk2023 the Cleaver, a novice HOFi of Beogh (D:7)
  The ghost of mmk665 the Trooper, a novice GrBe of Trog (D:7)
  Pikel (D:5)
  An orc knight (Orc:1)
  2 orc sorcerers (Orc:1)
  A deep elf pyromancer (D:14)
  A manticore (D:12)
  3 cyclopes
  5 gargoyles
  Maggie (D:7)
  A komodo dragon (D:10)
  A hornet (D:11)
  2 dream sheep (D:9)
  9 slime creatures
  A vampire (D:12)
  A wyvern (D:9)
  18 yaks
  2 shadows (D:12)
  A spriggan (D:8)
  3 wraiths
  A basilisk (D:9)
  2 steam dragons
  8 vampire mosquitoes
  A warg (Orc:1)
  Menkaure (D:5)
  2 water moccasins
  11 orc warriors
  A black bear (D:7)
  2 ice beasts
  6 ogres
  A centaur (D:9)
  2 kobold brigands (D:8)
  A bullfrog (D:6)
  3 scorpions
  A gnoll sergeant (D:10)
  13 wights
  5 killer bees (D:7)
  8 howler monkeys
  3 hounds
  3 jellies
  2 gnoll boudas
  11 orc priests
  Natasha (twice) (D:4)
  3 iguanas
  9 orc wizards
  3 adders
  11 gnolls
  3 shadow imps (D:7)
  2 white imps
  An ufetubus (D:4)
  2 dart slugs
  A worm (D:4)
  45 orcs
  3 ball pythons
  6 endoplasms
  4 giant cockroaches
  9 goblins
  3 hobgoblins
  7 jackals
  19 kobolds
  4 quokkas
  6 bats
  3 frilled lizards
  5 rats
305 creatures vanquished.

Vanquished Creatures (others)
  3 dream sheep (D:9)
  A yak (D:10)
  A spectral weapon (D:14)
5 creatures vanquished.

Grand Total: 310 creatures vanquished

Notes
Turn   | Place    | Note
-------+----------+-------------------------------------------
     0 | D:1      | nukutore the Minotaur Berserker began the quest for the
                  | Orb.
     0 | D:1      | Reached XP level 1. HP: 19/19 MP: 0/0
   167 | D:1      | Reached skill level 4 in Long Blades
   246 | D:1      | Reached XP level 2. HP: 21/27 MP: 1/1
  1062 | D:2      | Reached XP level 3. HP: 33/33 MP: 2/2
  1114 | D:2      | Reached ** piety under Trog
  1265 | D:2      | Reached skill level 5 in Long Blades
  1322 | D:3      | Found a faded altar of an unknown god.
  1762 | D:3      | Reached XP level 4. HP: 41/41 MP: 3/3
  1897 | D:4      | Noticed a scorpion
  1911 | D:4      | Killed a scorpion
  1912 | D:4      | Reached skill level 6 in Long Blades
  1917 | D:4      | Reached XP level 5. HP: 47/47 MP: 4/4
  1971 | D:4      | Noticed an ice beast
  1978 | D:4      | Killed an ice beast
  1979 | D:4      | Reached skill level 5 in Fighting
  1994 | D:4      | Found Tyeluib's Armour Boutique.
  2082 | D:4      | Reached skill level 7 in Long Blades
  2082 | D:4      | Reached XP level 6. HP: 55/56 MP: 5/5
  2229 | D:4      | Noticed Natasha
  2240 | D:4      | Killed Natasha
  2308 | D:4      | Found a blossoming altar of Fedhas.
  2460 | D:4      | Noticed Natasha
  2470 | D:4      | Killed Natasha
  2518 | D:5      | Entered Level 5 of the Dungeon
  2736 | D:5      | Found a radiant altar of Vehumet.
  2824 | D:5      | Noticed Pikel
  2839 | D:5      | Killed Pikel
  2840 | D:5      | Reached skill level 9 in Long Blades
  2840 | D:5      | Reached XP level 7. HP: 66/66 MP: 6/6
  3063 | D:5      | Reached XP level 8. HP: 70/70 MP: 7/7
  3065 | D:5      | Reached skill level 10 in Long Blades
  3281 | D:5      | Noticed Menkaure
  3288 | D:5      | Killed Menkaure
  3712 | D:6      | Found a staircase to the Ecumenical Temple.
  3724 | D:6      | Reached skill level 11 in Long Blades
  3846 | D:6      | Found a broken altar of Ashenzari.
  4257 | D:7      | HP: 3/75 [poisoned by a killer bee]
  4778 | D:7      | Reached skill level 5 in Armour
  4778 | D:7      | Reached XP level 9. HP: 82/82 MP: 8/8
  4802 | D:7      | Noticed Maggie
  4819 | D:7      | Killed Maggie
  5369 | D:7      | Found a runed translucent gate.
  5369 | D:7      | Found a runed translucent gate.
  5369 | D:7      | Found a runed translucent gate.
  5369 | D:7      | Noticed mmk665's ghost (novice GrBe)
  5370 | D:7      | Noticed Hawk2023's ghost (novice HOFi)
  5370 | D:7      | Noticed TangoThomas's ghost (novice DsGl)
  5538 | D:8      | Reached skill level 12 in Long Blades
  5709 | D:8      | Found a staircase to the Lair.
  5733 | D:8      | Found an ornate altar of the Wu Jian Council.
  5840 | D:8      | Reached *** piety under Trog
  5969 | D:8      | Found a hazy altar of Hepliaklqana.
  6476 | D:9      | Reached skill level 10 in Fighting
  6644 | D:9      | Reached XP level 10. HP: 89/89 MP: 9/9
  7116 | D:9      | Found a shimmering altar of Xom.
  7408 | D:10     | Entered Level 10 of the Dungeon
  7686 | D:10     | Reached skill level 10 in Armour
  7896 | D:10     | Reached skill level 13 in Long Blades
  8374 | D:10     | Noticed a catoblepas
  8374 | D:10     | Noticed a two-headed ogre
  8461 | D:10     | Killed a two-headed ogre
  8462 | D:10     | Reached XP level 11. HP: 102/102 MP: 10/10
  8473 | D:10     | Noticed a boulder beetle
  8473 | D:10     | Found the +6 shillelagh "Devastator" {shatter}
  8494 | D:9      | Killed a boulder beetle
  8770 | D:10     | Reached skill level 14 in Long Blades
  9035 | D:10     | Noticed a boulder beetle
  9039 | D:10     | Killed a boulder beetle
  9224 | D:10     | Found a sacrificial altar of Ru.
  9252 | D:10     | Found a staircase to the Orcish Mines.
  9754 | Orc:1    | Entered Level 1 of the Orcish Mines
  9913 | Orc:1    | Found Publuij's General Store.
  9919 | Orc:1    | Bought a scroll of identify for 24 gold pieces
  9919 | Orc:1    | Bought a scroll of identify for 24 gold pieces
  9928 | Orc:1    | Noticed an orc sorcerer
 10168 | Orc:2    | Entered Level 2 of the Orcish Mines
 10168 | Orc:2    | Noticed an orc sorcerer
 10168 | Orc:2    | Noticed an orc knight
 10168 | Orc:2    | Noticed an orc knight
 10168 | Orc:2    | Found Dyhuanuh's Antique Weapon Shop.
 10183 | Orc:1    | Killed an orc knight
 10333 | Orc:1    | Killed an orc sorcerer
 10355 | Orc:2    | Noticed an orc knight
 10372 | Orc:1    | HP: 2/104 [orc knight/+0 broad axe (25)]
 10597 | Orc:1    | Killed an orc sorcerer
 10598 | Orc:1    | Reached skill level 15 in Long Blades
 10764 | D:10     | Killed a catoblepas
 11154 | Lair:1   | Entered Level 1 of the Lair of Beasts
 11200 | Lair:1   | Noticed a five-headed hydra
 11200 | Lair:1   | Noticed a skyshark
 11369 | D:11     | You fall into a shaft and drop 2 floors!
 11381 | D:13     | Noticed a centaur warrior
 11390 | D:13     | Killed a centaur warrior
 11393 | D:13     | Noticed a four-headed hydra
 11682 | D:12     | Found a frozen archway.
 11744 | D:12     | Reached XP level 12. HP: 113/113 MP: 11/11
 11779 | IceCv    | Entered an ice cave
 12125 | D:12     | Reached skill level 16 in Long Blades
 12470 | D:12     | Noticed a centaur warrior
 12479 | D:12     | Killed a centaur warrior
 12479 | D:12     | Noticed a two-headed ogre
 12487 | D:12     | Killed a two-headed ogre
 12657 | D:12     | Found Xomuas's Weapon Emporium.
 12660 | D:12     | Bought the +1 double sword "Huoheisu" {spect, rN+ rCorr
                  | Dex-4} for 916 gold pieces
 12749 | D:11     | Paralysed by a hornet for 3 turns
 13020 | D:11     | Noticed Snorg
 13038 | D:11     | Killed Snorg
 13039 | D:11     | Reached skill level 17 in Long Blades
 13222 | D:11     | Noticed a two-headed ogre
 13228 | D:11     | Killed a two-headed ogre
 13731 | D:7      | Killed Hawk2023's ghost
 13740 | D:7      | Killed TangoThomas's ghost
 13745 | D:7      | Killed mmk665's ghost
 14842 | D:13     | Noticed an eight-headed hydra
 14875 | D:14     | Identified the +1 whip of the Tooth {distort, rPois Str+6
                  | Dex-4}
 14916 | D:14     | Noticed a two-headed ogre
 14918 | D:14     | Noticed an ogre mage
 14930 | D:14     | HP: 4/117 [red ugly thing (5)]
 14930 | D:14     | Demolished by a red ugly thing

Illustrated notes

Levels and vault maps discovered:
D:1:      minmay_arrival_doors, layout_basic
D:2:      layout_basic, wander_ebering_terrifying_dragon_lair
D:3:      layout_basic, shapermc_ecumenical_altar_starsandcircs
D:4:      layout_basic, old_standard_altar, serial_shops,
          nicolae_shop_pleasant_corner_grove, uniq_natasha
D:5:      layout_basic, nicolae_vehumet_radiance, kennysheep_donut,
          uniq_menkaure, uniq_pikel
D:6:      layout_rooms, nicolae_ashenzari_skybound, minmay_temple_entry_grid,
          roderic_lattice_a
D:7:      minmay_skewed_foursquare, layout_cave_pools, gammafunk_ghost_cemetery,
          uniq_maggie
D:8:      layout_loops_ring, mainiacjoe_overflow_brackets, kennysheep_mini,
          lair_entry_dummy
D:9:      layout_loops_cross, kb_xom_exploding_sheep, minmay_misc_feat_alley
D:10:     minmay_roctagon, layout_basic, nicolae_ru_the_path_less_chosen,
          minmay_orc_entry_temple_small
D:11:     layout_rooms, feat_on_display, uniq_snorg
D:12:     layout_basic, serial_shops, nicolae_shop_behind_doors,
          portal_ice_cave_entry_pillars_2
D:13:     layout_loops_cross, erik_vaults_1, hex_tiny, uniq_nessos
D:14:     layout_big_octagon, kb_tengu_band
Lair:1:   layout_regular_city, serial_bayou_lagoon_a,
          grunt_forest_large_clearing_hut
Orc:1:    layout_diamond_mine, serial_shops, nicolae_shop_rolling_square
Orc:2:    grunt_orc_gardens, layout_diamond_mine, grunt_orc_garden,
          grunt_orc_garden, grunt_orc_garden, grunt_orc_garden,
          lightli_church_of_beogh

Skill      XL: |  1  2  3  4  5  6  7  8  9 10 11 12 |
---------------+-------------------------------------+-----
Long Blades    | 4 5 6 7 9 11 12 13 15 17 | 17.6
Fighting       | 4 5 7 8 10 11 12 14 | 14.0
Armour         | 5 8 11 12 13 | 13.9
Dodging        | |  2.1

Action                     |  1- 3 |  4- 6 |  7- 9 | 10-12 || total
---------------------------+-------+-------+-------+-------++-------
  Melee: Falchion          |    22 |       |       |       ||    22
         Headbutt          |    13 |     8 |    31 |    97 ||   149
         Long sword        |    73 |    88 |    11 |       ||   172
         Punch             |     1 |       |       |       ||     1
         Great sword       |       |       |   154 |   369 ||   523
         Double sword      |       |       |       |    96 ||    96
  Throw: Throwing net      |       |       |       |     1 ||     1
 Invoke: Berserk           |     3 |     6 |    10 |    30 ||    49
         Trog's Hand       |     1 |     4 |     4 |    20 ||    29
    Use: Scroll            |     2 |     1 |     5 |    20 ||    28
         Potion            |       |       |     1 |    13 ||    14
   Stab: Petrified         |       |       |       |     2 ||     2
         Distracted        |       |       |       |     1 ||     1
 Armour: Animal skin       |     9 |       |       |       ||     9
         Scale mail        |    35 |    41 |    74 |   309 ||   459
  Dodge: Dodged            |    60 |    45 |    87 |   267 ||   459
